 Dungeon Crawl Stone Soup version 0.31-a0-1499-ge0622b2318 (webtiles) character file.

Game seed: 10085407916784349086

332439 zazu2006 the Luminary of Lethal Lore (level 22, -18/176 HPs)
             Began as a Gnoll Wanderer on Dec 30, 2023.
             Was the Champion of Vehumet.
             Killed from afar by a servant of whispers (37 damage)
             ... with a bolt of lightning
             ... in the Desolation of Salt.
             The game lasted 03:41:05 (62829 turns).

zazu2006 the Luminary of Lethal Lore (GnWn)        Turns: 62829, Time: 03:41:14

Health: -18/176    AC: 23    Str: 15    XL:     22   Next: 14%
Magic:  33/41      EV: 22    Int: 17    God:    Vehumet [******]
Gold:   4606       SH: 15    Dex: 20    Spells: 11/52 levels left

rFire   + . .        C - +8 autumn katana {manifold assault}
rCold   + . .        c - +0 kite shield
rNeg    + . .        U - +13 Cigotuvi's embrace {Corpsefed rMiasma ^Drain rN+}
rPois   +            Z - +1 hat {Will+}
rElec   .            n - scarf {rC+ rF+}
rCorr   .            M - +0 pair of gloves "Gemiebak" {rPois SInv}
SInv    +            k - +1 pair of boots {rampage}
Will    ++...        J - amulet of magic regeneration
Stlth   ++++++       d - +6 ring of dexterity
HPRegen 0.49/turn    r - ring of flight
MPRegen 0.67/turn

%: rampage
@: flying, studying Axes
A: fangs 1, strong nose, distributed training
}: 1/15 runes: gossamer
a: Renounce Religion


You were in the Desolation of Salt.
You worshipped Vehumet.
Vehumet was exalted by your worship.
You visited 7 branches of the dungeon, and saw 36 of its levels.
You also visited: Trove, Ossuary, Bailey, Gauntlet, Ice Cave and Desolation.

You collected 6696 gold pieces.
You spent 2090 gold pieces at shops.

Inventory:

Hand Weapons
 C - the +8 autumn katana (weapon) {manifold assault}
   (You took it off a deep elf death mage on level 3 of the Elven Halls)
Missiles
 l - 2 throwing nets
Armour
 c - a +0 kite shield (worn)
 k - a +1 pair of boots of rampaging (worn)
 n - a scarf of resistance (worn)
 M - the +0 pair of gloves "Gemiebak" (worn) {rPois SInv}
   (You found it in a Gauntlet)

   rPois:     It protects you from poison SInv: It lets you see invisible.
 Q - a +1 buckler of resistance
 U - the +13 Cigotuvi's embrace (worn) {Corpsefed rMiasma ^Drain rN+}
   (You found it in an ice cave)

   Corpsefed: It gathers nearby corpses to temporarily increase the armour it
   provides.
   rMiasma:   It protects you from foul pestilence.
   rN+:       It protects you from negative energy.
   ^Drain:    It drains your maximum health when unequipped.
 Z - a +1 hat of willpower (worn)
Jewellery
 d - a +6 ring of dexterity (left hand)
 q - the ring "Tuesaddi" {rPois Str+2 Int+6}
   (You found it in a treasure trove)

   [ring of intelligence]

   Str+2:     It affects your strength (+2).
   Int+6:     It affects your intelligence (+6).
   rPois:     It protects you from poison
 r - a ring of flight (right hand)
 D - a ring of magical power
 H - a +6 ring of dexterity
 J - an amulet of magic regeneration (around neck)
 N - a ring of protection from cold
Wands
 g - a wand of digging (12)
 u - a wand of charming (40)
 v - a wand of flame (66)
 L - a wand of roots (29)
 P - a wand of mindburst (27)
 W - a wand of acid (13)
Scrolls
 a - 6 scrolls of fear
 e - 2 scrolls of butterflies
 f - 9 scrolls of teleportation
 j - 8 scrolls of poison
 m - 2 scrolls of blinking
 s - 8 scrolls of fog
 y - a scroll of revelation
 A - 7 scrolls of identify
 E - a scroll of vulnerability
 I - a scroll of immolation
 K - 2 scrolls of silence
 O - 2 scrolls of enchant armour
 R - a scroll of torment
Potions
 b - 7 potions of invisibility
 h - 8 potions of ambrosia
 i - a potion of lignification
 o - 4 potions of enlightenment
 p - a potion of heal wounds
 t - 15 potions of curing
 w - 2 potions of haste
 x - 5 potions of might
 z - a potion of mutation
 B - 4 potions of berserk rage
 F - a potion of resistance
 G - 7 potions of magic


   Skills:
 + Level 15.5 Fighting
 + Level 15.3 Short Blades
 + Level 15.3 Long Blades
 + Level 16.5 Axes
 + Level 15.3 Maces & Flails
 + Level 15.5 Polearms
 + Level 15.3 Staves
 + Level 15.3 Ranged Weapons
 + Level 15.3 Throwing
 + Level 15.9 Armour
 + Level 15.3 Dodging
 + Level 15.3 Stealth
 + Level 15.3 Shields
 + Level 15.3 Unarmed Combat
 + Level 15.6 Spellcasting
 + Level 13.0 Conjurations
 + Level 13.0 Hexes
 + Level 13.0 Summonings
 + Level 13.0 Necromancy
 + Level 13.0 Translocations
 + Level 13.0 Fire Magic
 + Level 13.0 Ice Magic
 + Level 13.0 Air Magic
 + Level 13.0 Earth Magic
 + Level 15.4 Alchemy
 + Level 16.6 Invocations
 + Level 15.3 Evocations
 + Level 14.1 Shapeshifting


You had 11 spell levels left.
You knew the following spells:

 Your Spells              Type           Power      Damage    Failure   Level
a - Sting                 Conj/Alch      100%       1d9       1%          1
b - Mephitic Cloud        Conj/Alch/Air  57%        N/A       1%          3
c - Olgreb's Toxic Radia  Alch           60%        N/A       1%          4
d - Stone Arrow           Conj/Erth      100%       3d13      1%          3
e - Airstrike             Air            27%        2d(4-20)  1%          4
f - Sticky Flame          Fire/Alch      58%        2d10      1%          4
g - Ozocubu's Refrigerat  Ice            27%        4d13      11%         7
h - Bombard               Conj/Erth      27%        9d5       1%          6
i - Iskenderun's Mystic   Conj/Tloc      55%        2d12      1%          4
j - Lee's Rapid Deconstr  Erth           27%        3d15*     1%          5

Your spell library contained the following spells:

 Spells                   Type           Power      Damage    Failure   Level
 Fire Storm               Conj/Fire      27%        8d7       100%        9
 Apportation              Tloc           100%       N/A       1%          1
 Magic Dart               Conj           100%       1d8       1%          1
 Necrotise                Necr           100%       1d9       1%          1
 Sandblast                Erth           100%       2d20      1%          1
 Shock                    Conj/Air       100%       1d9       1%          1
 Call Imp                 Summ           100%       N/A       1%          2
 Cigotuvi's Dreadful Rot  Necr/Alch/Air  100%       N/A       1%          2
 Jinxbite                 Hex            100%       N/A       1%          2
 Mercury Vapours          Alch/Air       100%       N/A       1%          2
 Searing Ray              Conj           100%       2d8       1%          2
 Static Discharge         Conj/Air       100%       3-8/arc   1%          2
 Sublimation of Blood     Necr           55%        N/A       1%          2
 Dazzling Flash           Conj/Hex       100%       N/A       1%          3
 Hailstorm                Conj/Ice       55%        3d11      1%          3
 Inner Flame              Hex/Fire       55%        N/A       1%          3
 Passwall                 Erth           55%        N/A       1%          3
 Summon Ice Beast         Ice/Summ       55%        N/A       1%          3
 Swiftness                Air            55%        N/A       1%          3
 Vampiric Draining        Necr           55%        2d9       1%          3
 Volatile Blastmotes      Fire/Tloc      100%       2d18      1%          3
 Animate Armour           Summ/Erth      100%       N/A       1%          4
 Brom's Barrelling Bould  Conj/Erth      55%        2d7       1%          4
 Dispel Undead            Necr           55%        3d20      1%          4
 Flame Wave               Conj/Fire      55%        2d13      1%          4
 Fulminant Prism          Conj/Alch      29%        3d14      1%          4
 Martyr's Knell           Necr/Summ      55%        N/A       1%          4
 Passage of Golubria      Tloc           55%        N/A       1%          4
 Petrify                  Alch/Erth      58%        N/A       1%          4
 Summon Lightning Spire   Summ/Air       55%        N/A       1%          4
 Vhi's Electric Charge    Tloc/Air       100%       N/A       1%          4
 Alistair's Intoxication  Alch           40%        N/A       1%          5
 Arcjolt                  Conj/Air       27%        1d37      1%          5
 Curse of Agony           Necr           55%        N/A       1%          5
 Irradiate                Conj/Alch      29%        3d21      1%          5
 Iskenderun's Battlesphe  Conj           55%        2d11      1%          5
 Silence                  Hex/Air        27%        N/A       1%          5
 Summon Forest            Summ/Tloc      27%        N/A       1%          5
 Summon Mana Viper        Hex/Summ       55%        N/A       1%          5
 Starburst                Conj/Fire      27%        6d9       1%          6
 Sculpt Simulacrum        Ice/Alch       29%        N/A       4%          6
 Death Channel            Necr           27%        N/A       7%          6
 Summon Cactus Giant      Summ           27%        N/A       7%          6
 Spellforged Servitor     Conj/Summ      27%        N/A       11%         7
 Malign Gateway           Summ/Tloc      27%        N/A       36%         7
 Monstrous Menagerie      Summ           27%        N/A       36%         7
 Summon Hydra             Summ           27%        N/A       36%         7
 Ignition                 Fire           27%        3d9       56%         8
 Lehudib's Crystal Spear  Conj/Erth      27%        10d7      56%         8
 Maxwell's Capacitive Co  Air            27%        ∞         56%         8
 Disjunction              Tloc           27%        N/A       96%         8
 Summon Horrible Things   Summ           27%        N/A       96%         8
 Chain Lightning          Conj/Air       27%        3d36      100%        9
 Polar Vortex             Ice            27%        12d3*     100%        9


Dungeon Overview and Level Annotations

Branches:
Dungeon (15/15)            Temple (0/1) D:5            Lair (5/5) D:11
 Shoals (3/4) Lair:3       Spider (4/4) Lair:2        Slime (0/5) Lair:4
    Orc (2/2) D:12            Elf (3/3) Orc:2        Vaults (4/5) D:14
  Crypt (0/3) Vaults:2     Depths (0/4) D:15        Ossuary (visited)
 Bailey (visited)           IceCv (visited)         Desolation (1/1)
Gauntlet (visited)

Altars:
Dithmenos
Fedhas
Hepliaklqana
Kikubaaqudgha
Makhleb
Nemelex Xobeh
Okawaru
Qazlal
Sif Muna
Trog
Vehumet
Wu Jian
Xom
Yredelemnul
Zin
The Shining One
Lugonu

Shops:
D:5 *   Orc:2 (=*[   Elf:2 [   Shoals:2 [   Vaults:1 =

Portals:
Abyss: Lair:5

Annotations:
D:13 1 runed translucent door, Winlehek's ghost, journeyman HOFi
Shoals:3 Ilsuiw


Innate Abilities, Weirdness & Mutations

You have very sharp teeth.
Your uncanny sense of smell can sniff out nearby items.
Your experience applies equally to all skills.


Message History

The servant of whispers is moderately wounded.
The saltling closely misses you.
You block the ragged hierophant's attack.
The ragged hierophant casts a spell at you.
A blast of power from the earth and the saltlings strikes you!
The servant of whispers barely misses you.
The saltling hits you!
Unknown command.
You slice the ragged hierophant!!
You bite the ragged hierophant, but do no damage.
The ragged hierophant is moderately wounded.
You kill the ragged hierophant!
Vehumet accepts your kill.
You feel your power returning.
Your shell of carrion and bone grows thicker.
You block the saltling's attack.
The ragged hierophant casts a spell at you.
A blast of power from the earth and the saltlings strikes you!
* * * LOW HITPOINT WARNING * * *
The servant of whispers misses you. The saltling closely misses you.
The ragged hierophant casts a spell at you.
A blast of power from the earth and the saltlings strikes you!
* * * LOW HITPOINT WARNING * * *
The servant of whispers calls down the wrath of its god upon you.
The bolt of lightning hits you but does no damage.
You slice the servant of whispers!!
You bite the servant of whispers, but do no damage.
The servant of whispers is severely wounded.
The saltling completely misses you. The saltling hits you.
* * * LOW HITPOINT WARNING * * *
Unknown command.
You closely miss the servant of whispers.
The servant of whispers is severely wounded.
The ragged hierophant gestures at you while chanting.
A blast of power from the earth and the saltlings strikes you!
* * * LOW HITPOINT WARNING * * *
The servant of whispers calls down the wrath of its god upon you.
The bolt of lightning hits you!!!
You die...

################################
################################
################################
################################
#######.........................
####............................
#........................#......
#.......♣♣................###...
......♣♣...♣♣.9@.).........#....
......♣.PP...99a9...............
..............♣a................
......P........♣..........#.....
.....P.........♣).........#.....
....♣.P..[....♣.................
....P..PP.♣.♣....... ..
.......PP..♣..........
..........♣..a.9......


You could see a ragged hierophant (poisoned), a servant of whispers (stilling
wind, poisoned) and 4 saltlings.

Vanquished Creatures
  Mara (Spider:2)
  Sojobo (Vaults:3)
  Saint Roka (Vaults:1)
  Nikola (Spider:3)
  Arachne (Spider:2)
  A deep elf master archer (Elf:3)
  Polyphemus (Shoals:2)
  4 deep elf blademasters
  A sphinx (Vaults:3)
  Frances (Shoals:2)
  Gastronok (Orc:1)
  A shadow dragon (D:14)
  Kirke (Lair:3)
  2 tengu reavers (Vaults:3)
  Donald (Shoals:1)
  Aizul (Spider:4)
  4 emperor scorpions (Spider:4)
  5 deep elf sorcerers
  4 vault wardens
  3 deep elf elementalists (Elf:3)
  7 ghost moths
  2 orc warlords
  A formless jellyfish (Vaults:2)
  15 ironbound preservers
  2 broodmothers
  A stone giant (Vaults:3)
  An ironbound thunderhulk (Vaults:1)
  A very ugly thing (D:15)
  3 deep elf demonologists (Elf:3)
  3 deep elf death magi (Elf:3)
  A vampire knight (Vaults:2)
  A halazid warlock (Desolation)
  A minotaur (Gauntlet)
  7 deep elf annihilators
  A spark wasp (Spider:4)
  12 dire elephants
  Azrael (Spider:2)
  An eidolon (Vaults:2)
  Josephine (Lair:5)
  A ragged hierophant (Desolation)
  An ettin (Vaults:2)
  8 yaktaur captains
  An entropy weaver (shapeshifter) (D:15)
  The ghost of Laraso the Bludgeoner, a journeyman OnCA of Ignis (D:11)
  6 merfolk impalers
  5 deep elf high priests (Elf:3)
  4 great orbs of eyes
  5 entropy weavers
  A merfolk javelineer (Shoals:3)
  An ogre mage (Orc:2)
  6 vault guards
  4 hydras
  5 centaur warriors
  2 alligator snapping turtles
  4 ironbound frosthearts
  2 peacekeepers (Desolation)
  4 catoblepae
  4 boulder beetles
  4 radroaches
  2 death knights (Vaults:2)
  A merfolk aquamancer (Shoals:2)
  33 dancing weapons
  A death scarab (Gauntlet)
  9 death yaks
  A tengu warrior (D:14)
  6 orc high priests
  11 demonic crawlers
  3 thrashing horrors (Lair:5)
  9 two-headed ogres
  Urug (Orc:2)
  19 deep elf knights
  A fire crab (Gauntlet)
  6 skysharks
  6 pharaoh ants
  Nergalle (Lair:1)
  8 sea snakes
  7 orb spiders
  2 bog bodies (IceCv)
  2 sun moths
  8 arcanists
  44 deep trolls
  6 steelbarb worms
  17 lindwurms
  7 deep elf archers
  32 deep elf zephyrmancers
  2 necromancers
  12 ironbound convokers
  Pikel (D:5)
  13 orc knights
  11 harpies
  21 ugly things
  36 deep elf pyromancers
  20 wolf spiders
  6 orc sorcerers
  Maurice (Orc:2)
  10 fauns
  An oklob plant (Lair:3)
  13 elephants
  3 cyclopes
  11 manticores
  A salamander (D:15)
  13 meliai
  2 guardian serpents (Desolation)
  6 merfolk sirens
  4 black mambas
  5 kobold blastminers
  An ice statue (IceCv)
  4 smoke demons (Lair:5)
  10 vault sentinels
  A black mamba (shapeshifter) (Elf:2)
  6 water nymphs
  A molten gargoyle (Desolation)
  An elf zombie (Vaults:2)
  4 torpor snails
  11 cane toads
  2 gargoyles
  Jeremiah (D:8)
  A yaktaur zombie (Vaults:2)
  2 large abominations (Lair:5)
  An unseen horror (D:12)
  12 yaktaurs (Vaults:2)
  9 komodo dragons
  Psyche (D:8)
  5 kobold demonologists
  A tengu conjurer (D:14)
  2 rime drakes
  A freezing wraith (D:14)
  An anaconda simulacrum (IceCv)
  2 polar bears
  6 trolls
  A queen bee (shapeshifter) (Elf:2)
  A wolf spider simulacrum (Gauntlet)
  15 merfolk
  3 wind drakes
  A raiju (Lair:5)
  7 hornets
  6 saltlings (Desolation)
  A hornet (shapeshifter) (D:15)
  20 tarantellas
  Grinder (D:3)
  3 snapping turtles
  19 blink frogs
  4 dream sheep (Lair:5)
  22 culicivoras
  26 jumping spiders
  3 centaur simulacra
  33 slime creatures
  2 shadows (D:11)
  A spectral black mamba (Gauntlet)
  A human simulacrum (Vaults:2)
  3 vampires
  8 air elementals
  13 small abominations (Lair:5)
  48 yaks
  2 ynoxinuls (Lair:5)
  10 basilisks
  3 hogs (Lair:3)
  2 fire bats (Gauntlet)
  A spriggan (Lair:5)
  6 wyverns
  6 wraiths
  A hog (shapeshifter) (D:13)
  Eustachio (D:4)
  11 fire elementals
  A dire elephant simulacrum (IceCv)
  7 water elementals
  4 wargs
  3 death yak simulacra
  2 elf simulacra (Vaults:3)
  40 redbacks
  11 vampire mosquitoes
  A redback simulacrum (D:15)
  A harpy simulacrum (IceCv)
  Edmund (D:6)
  2 chaos spawn (Lair:5)
  19 water moccasins
  Duvessa (D:4)
  3 hydra simulacra
  A swamp drake (D:12)
  34 orc warriors
  2 black bears
  A tengu (shapeshifter) (D:14)
  An ice beast (D:6)
  8 ogres
  10 boggarts
  22 wolves
  A lemure (D:5)
  A phantom (D:6)
  17 kobold brigands
  11 bullfrogs
  2 earth elementals
  6 scorpions
  3 gnoll sergeants
  6 two-headed ogre simulacra (IceCv)
  2 cane toad simulacra (IceCv)
  2 human skeletons
  A burial acolyte (D:8)
  8 wights
  Dowan (D:4)
  5 killer bees
  3 elephant simulacra
  9 vampire bats (Bailey)
  4 howler monkeys
  4 wolf zombies (Bailey)
  2 centaur skeletons (Ossuary)
  Crazy Yiuf (D:3)
  A gnoll bouda (D:5)
  A hound (D:4)
  16 orc priests
  2 jellies
  3 spectral scorpions (Ossuary)
  Natasha (thrice) (D:2)
  Terence (D:2)
  6 iguanas
  28 orc wizards
  A polar bear simulacrum (IceCv)
  5 spriggan simulacra (IceCv)
  8 troll simulacra (IceCv)
  3 wolf simulacra
  A crocodile zombie (Ossuary)
  An ogre skeleton (Ossuary)
  9 mummies (Ossuary)
  4 adders
  17 gnolls
  3 naga simulacra (IceCv)
  2 ribbon worms (D:2)
  A shadow imp (D:6)
  5 white imps (IceCv)
  16 ufetubi
  3 adder zombies (D:8)
  2 dart slugs
  75 orcs
  11 endoplasms
  A giant cockroach (D:1)
  10 goblins
  7 hobgoblins
  2 jackals (D:5)
  32 kobolds
  4 quokkas
  7 ball pythons
  6 bats
  A gnoll skeleton (Ossuary)
  A jackal zombie (D:8)
  2 kobold skeletons (Ossuary)
  2 orc skeletons (Ossuary)
  21 orc zombies (Bailey)
  A rat (D:1)
  10 spectral rats (Ossuary)
1572 creatures vanquished.

Vanquished Creatures (collateral kills)
  A deep elf zephyrmancer (Elf:1)
  A wolf spider (Spider:3)
  An ugly thing (Vaults:3)
  2 jumping spiders
  5 redbacks
10 creatures vanquished.

Vanquished Creatures (others)
  A deep elf elementalist (Elf:3)
  A boulder beetle (Spider:3)
  A dancing weapon (Elf:1)
  A deep elf knight (Elf:1)
  A wolf spider (Spider:4)
  A kobold demonologist (D:12)
  A tarantella (Spider:2)
  A jumping spider (Spider:2)
  A culicivora (Spider:2)
  A redback (Spider:2)
10 creatures vanquished.

Grand Total: 1592 creatures vanquished

Notes
Turn   | Place    | Note
-------+----------+-------------------------------------------
     0 | D:1      | zazu2006 the Gnoll Wanderer began the quest for the Orb.
     0 | D:1      | zazu2006 set off with the following items: a +0 spear, a +0
                  | scale mail, a scroll of silence; and the following spell
                  | memorised: Sting; and the following spells available to
                  | memorise: Mephitic Cloud, Sticky Flame.
     0 | D:1      | Reached XP level 1. HP: 17/17 MP: 4/4
   230 | D:1      | Reached XP level 2. HP: 23/23 MP: 3/5
   638 | D:1      | Reached XP level 3. HP: 28/28 MP: 1/7
  1004 | D:1      | You fall into a shaft and drop 1 floor!
  1010 | D:2      | Found a faded altar of an unknown god.
  1028 | D:2      | Noticed Natasha
  1041 | D:2      | Killed Natasha
  1042 | D:2      | Reached skill level 1 in Short Blades
  1042 | D:2      | Reached skill level 1 in Long Blades
  1042 | D:2      | Reached skill level 1 in Axes
  1042 | D:2      | Reached skill level 1 in Maces & Flails
  1042 | D:2      | Reached skill level 1 in Staves
  1042 | D:2      | Reached skill level 1 in Ranged Weapons
  1042 | D:2      | Reached skill level 1 in Throwing
  1042 | D:2      | Reached skill level 1 in Dodging
  1042 | D:2      | Reached skill level 1 in Stealth
  1042 | D:2      | Reached skill level 1 in Shields
  1042 | D:2      | Reached skill level 1 in Unarmed Combat
  1042 | D:2      | Reached skill level 1 in Invocations
  1042 | D:2      | Reached skill level 1 in Evocations
  1205 | D:2      | Reached skill level 1 in Shapeshifting
  1205 | D:2      | Reached XP level 4. HP: 34/34 MP: 5/8
  1656 | D:2      | Reached skill level 1 in Conjurations
  1656 | D:2      | Reached skill level 1 in Hexes
  1656 | D:2      | Reached skill level 1 in Summonings
  1656 | D:2      | Reached skill level 1 in Necromancy
  1656 | D:2      | Reached skill level 1 in Translocations
  1656 | D:2      | Reached skill level 1 in Fire Magic
  1656 | D:2      | Reached skill level 1 in Ice Magic
  1656 | D:2      | Reached skill level 1 in Air Magic
  1656 | D:2      | Reached skill level 1 in Earth Magic
  1864 | D:2      | Noticed Natasha
  1873 | D:2      | Killed Natasha
  1981 | D:2      | Found a stormy altar of Qazlal.
  1987 | D:2      | Noticed Terence
  2006 | D:2      | Killed Terence
  2007 | D:2      | Reached XP level 5. HP: 7/41 MP: 3/9
  2630 | D:2      | Learned a level 3 spell: Mephitic Cloud
  2683 | D:2      | Noticed Natasha
  2693 | D:2      | Killed Natasha
  3024 | D:3      | Found a sparkling altar of Nemelex Xobeh.
  3029 | D:3      | Found a glowing golden altar of the Shining One.
  3029 | D:3      | Found a blossoming altar of Fedhas.
  3031 | D:3      | Found a glowing silver altar of Zin.
  3135 | D:3      | Noticed Grinder
  3322 | D:3      | Killed Grinder
  3323 | D:3      | Reached skill level 5 in Armour
  3323 | D:3      | Reached XP level 6. HP: 36/47 MP: 9/11
  3413 | D:3      | Found a runed translucent door.
  3414 | D:3      | Noticed Crazy Yiuf
  3420 | D:3      | Killed Crazy Yiuf
  3559 | D:4      | Noticed Eustachio
  3575 | D:4      | Killed Eustachio
  3576 | D:4      | Reached XP level 7. HP: 18/52 MP: 12/12
  3624 | D:4      | Found a sand-covered staircase.
  3635 | Ossuary  | Entered an ossuary
  4406 | Ossuary  | Reached XP level 8. HP: 58/60 MP: 14/14
  4597 | D:4      | Noticed Duvessa
  4597 | D:4      | Noticed Dowan
  4616 | D:4      | Killed Duvessa
  4634 | D:4      | Killed Dowan
  5301 | D:5      | Entered Level 5 of the Dungeon
  5512 | D:5      | Noticed Pikel
  5524 | D:5      | Killed Pikel
  5543 | D:5      | Found a radiant altar of Vehumet.
  5553 | D:5      | Reached XP level 9. HP: 66/66 MP: 13/16
  5555 | D:5      | Became a worshipper of Vehumet
  5602 | D:5      | Reached skill level 5 in Spellcasting
  5602 | D:5      | Found Adem's General Store.
  5647 | D:5      | Bought a scroll of enchant armour for 112 gold pieces
  5647 | D:5      | Bought a potion of curing for 45 gold pieces
  5647 | D:5      | Bought a scroll of identify for 30 gold pieces
  5751 | D:5      | Found a staircase to the Ecumenical Temple.
  5917 | D:5      | Reached skill level 5 in Fighting
  5917 | D:5      | Reached skill level 5 in Polearms
  6856 | D:5      | Reached skill level 5 in Invocations
  7108 | D:6      | Reached * piety under Vehumet
  7108 | D:6      | Offered knowledge of Freeze by Vehumet.
  7608 | D:6      | Noticed Edmund
  7624 | D:6      | Killed Edmund
  7801 | D:6      | Found a shimmering blue altar of Sif Muna.
  7929 | D:7      | Reached skill level 5 in Short Blades
  7929 | D:7      | Reached skill level 5 in Long Blades
  7929 | D:7      | Reached skill level 5 in Axes
  7929 | D:7      | Reached skill level 5 in Maces & Flails
  7929 | D:7      | Reached skill level 5 in Staves
  7929 | D:7      | Reached skill level 5 in Ranged Weapons
  7929 | D:7      | Reached skill level 5 in Throwing
  7929 | D:7      | Reached skill level 5 in Dodging
  7929 | D:7      | Reached skill level 5 in Stealth
  7929 | D:7      | Reached skill level 5 in Shields
  7929 | D:7      | Reached skill level 5 in Unarmed Combat
  7929 | D:7      | Reached skill level 5 in Evocations
  7929 | D:7      | Reached XP level 10. HP: 31/76 MP: 18/18
  8071 | D:7      | Found a shadowy altar of Dithmenos.
  8690 | D:7      | Learned a level 4 spell: Olgreb's Toxic Radiance
  8807 | D:8      | Noticed Jeremiah
  8833 | D:8      | Found a flagged portal.
  8843 | Bailey   | Entered a bailey
  9151 | Bailey   | Noticed a gargoyle
  9160 | Bailey   | Learned a level 3 spell: Stone Arrow
  9174 | Bailey   | Killed a gargoyle
  9174 | Bailey   | Offered knowledge of Shock by Vehumet.
  9490 | Bailey   | Reached ** piety under Vehumet
  9614 | Bailey   | Reached skill level 5 in Shapeshifting
  9655 | Bailey   | Reached skill level 10 in Alchemy
  9819 | Bailey   | Identified the +0 chain mail of Prudence {rElec rPois SInv}
  9944 | D:8      | Offered knowledge of Frozen Ramparts by Vehumet.
 10049 | D:8      | Reached *** piety under Vehumet
 10304 | D:8      | Found an ancient bone altar of Kikubaaqudgha.
 10319 | D:8      | Offered knowledge of Airstrike by Vehumet.
 10327 | D:8      | Learned a level 4 spell: Airstrike
 10878 | D:8      | Found a basalt altar of Yredelemnul.
 10884 | D:8      | Killed Jeremiah
 10885 | D:8      | Reached skill level 5 in Conjurations
 10885 | D:8      | Reached skill level 5 in Hexes
 10885 | D:8      | Reached skill level 5 in Summonings
 10885 | D:8      | Reached skill level 5 in Necromancy
 10885 | D:8      | Reached skill level 5 in Translocations
 10885 | D:8      | Reached skill level 5 in Fire Magic
 10885 | D:8      | Reached skill level 5 in Ice Magic
 10885 | D:8      | Reached skill level 5 in Air Magic
 10885 | D:8      | Reached skill level 5 in Earth Magic
 10885 | D:8      | Reached XP level 11. HP: 79/83 MP: 17/21
 10979 | D:8      | Noticed Psyche
 10988 | D:8      | Killed Psyche
 11334 | D:9      | Found an iron altar of Okawaru.
 11476 | D:9      | Found a hazy altar of Hepliaklqana.
 11495 | D:9      | Reached **** piety under Vehumet
 11705 | D:9      | Offered knowledge of Flame Wave by Vehumet.
 12089 | D:10     | Entered Level 10 of the Dungeon
 12202 | D:10     | Noticed a two-headed ogre
 12209 | D:10     | Killed a two-headed ogre
 12380 | D:10     | Found a burning altar of Makhleb.
 12401 | D:10     | Noticed a two-headed ogre
 12420 | D:10     | Killed a two-headed ogre
 12659 | D:10     | Found an ornate altar of the Wu Jian Council.
 12853 | D:10     | Found a bloodstained altar of Trog.
 13294 | D:10     | Noticed a two-headed ogre
 13304 | D:10     | Killed a two-headed ogre
 13461 | D:11     | Found a runed translucent gate.
 13461 | D:11     | Found a runed translucent gate.
 13461 | D:11     | Found a runed translucent gate.
 13465 | D:11     | Noticed Laraso's ghost (journeyman OnCA)
 13483 | D:11     | Noticed a two-headed ogre
 13494 | D:11     | Killed a two-headed ogre
 13495 | D:11     | Reached XP level 12. HP: 92/92 MP: 11/23
 13841 | D:11     | Identified the +4 halberd of the Unliving {freeze, *Corrode
                  | rElec rPois rN+}
 14004 | D:11     | Found a staircase to the Lair.
 14600 | Lair:1   | Entered Level 1 of the Lair of Beasts
 14694 | Lair:1   | Noticed Nergalle
 14709 | Lair:1   | Killed Nergalle
 15196 | Lair:1   | Reached ***** piety under Vehumet
 15268 | Lair:1   | Offered knowledge of Arcjolt by Vehumet.
 15430 | Lair:1   | Noticed a catoblepas
 15450 | Lair:1   | Killed a catoblepas
 16144 | Lair:2   | Learned a level 4 spell: Sticky Flame
 16146 | Lair:2   | Found a frozen archway.
 16158 | IceCv    | Entered an ice cave
 16586 | IceCv    | Identified the +6 dagger "Igyrgh Deum" {spect, rElec rF+
                  | Dex+5}
 17551 | IceCv    | Reached XP level 13. HP: 99/99 MP: 21/25
 17697 | IceCv    | Offered knowledge of Ozocubu's Refrigeration by Vehumet.
 17707 | IceCv    | Learned a level 7 spell: Ozocubu's Refrigeration
 17725 | IceCv    | Found the +4 Cigotuvi's embrace {Corpsefed rMiasma ^Drain
                  | rN+}
 17744 | IceCv    | Got the Monograph on Bruises
 18849 | Lair:2   | Found a hole to the Spider Nest.
 19646 | Lair:2   | Reached skill level 10 in Armour
 20025 | Lair:3   | Found a gate leading to a gauntlet.
 20041 | Gauntlet | Entered a Gauntlet
 20041 | Gauntlet | Found a transporter.
 20041 | Gauntlet | Found a transporter.
 20059 | Gauntlet | Found a transporter.
 20063 | Gauntlet | Found a transporter.
 20071 | Gauntlet | Found a transporter.
 20075 | Gauntlet | Found a transporter.
 20083 | Gauntlet | Found a transporter.
 20097 | Gauntlet | Found a runed translucent door.
 20100 | Gauntlet | Found a transporter.
 20102 | Gauntlet | Found a runed translucent door.
 20114 | Gauntlet | Found a transporter.
 20118 | Gauntlet | Found a transporter.
 20120 | Gauntlet | Found a runed translucent gate.
 20120 | Gauntlet | Found a runed translucent gate.
 20120 | Gauntlet | Found a runed translucent gate.
 20126 | Gauntlet | Found a transporter.
 20130 | Gauntlet | Found a transporter.
 20327 | Gauntlet | HP: 6/150 [death scarab (9)]
 20338 | Gauntlet | Got Les Ruge's Directory of the Floating Catalyst
 20779 | Gauntlet | Identified the +0 pair of gloves "Gemiebak" {rPois SInv}
 20804 | Gauntlet | Identified the +10 falchion "Fulaviosoi" {protect, Int+4}
 20804 | Gauntlet | Noticed a minotaur
 20823 | Gauntlet | Killed a minotaur
 21050 | Lair:3   | Reached XP level 14. HP: 105/108 MP: 23/27
 21053 | Lair:3   | Reached skill level 10 in Invocations
 21461 | Lair:3   | Noticed Kirke
 21482 | Lair:3   | Killed Kirke
 22141 | Lair:3   | Found a staircase to the Shoals.
 22528 | Lair:4   | Offered knowledge of Plasma Beam by Vehumet.
 22681 | Lair:4   | Reached skill level 10 in Spellcasting
 23135 | Lair:4   | Reached skill level 10 in Fighting
 23135 | Lair:4   | Reached skill level 10 in Polearms
 23391 | Lair:4   | Found a staircase to the Slime Pits.
 23609 | Lair:5   | Entered Level 5 of the Lair of Beasts
 23961 | Lair:5   | Noticed Josephine
 24566 | Lair:5   | Reached skill level 10 in Short Blades
 24566 | Lair:5   | Reached skill level 10 in Long Blades
 24566 | Lair:5   | Reached skill level 10 in Axes
 24566 | Lair:5   | Reached skill level 10 in Maces & Flails
 24566 | Lair:5   | Reached skill level 10 in Staves
 24566 | Lair:5   | Reached skill level 10 in Ranged Weapons
 24566 | Lair:5   | Reached skill level 10 in Throwing
 24566 | Lair:5   | Reached skill level 10 in Dodging
 24566 | Lair:5   | Reached skill level 10 in Stealth
 24566 | Lair:5   | Reached skill level 10 in Shields
 24566 | Lair:5   | Reached skill level 10 in Unarmed Combat
 24566 | Lair:5   | Reached skill level 10 in Evocations
 24780 | Lair:5   | Found a corrupted altar of Lugonu.
 24780 | Lair:5   | Found a one-way gate to the infinite horrors of the Abyss.
 24900 | Lair:5   | Killed Josephine
 24912 | Lair:5   | Reached XP level 15. HP: 68/117 MP: 25/29
 26259 | D:11     | Killed Laraso's ghost
 26605 | D:12     | Identified a scroll of acquirement
 26606 | D:12     | Acquired 606 gold pieces
 26613 | D:12     | Found a shimmering altar of Xom.
 26614 | D:12     | Offered knowledge of Conjure Ball Lightning by Vehumet.
 26627 | D:12     | Identified the +2 whip "Biyxta" {heavy, ^Fragile rPois MP-9
                  | Str+8}
 26754 | D:12     | Found a staircase to the Orcish Mines.
 27186 | Orc:1    | Entered Level 1 of the Orcish Mines
 27240 | Orc:1    | Noticed Gastronok
 27258 | Orc:1    | Killed Gastronok
 27752 | Orc:2    | Entered Level 2 of the Orcish Mines
 28149 | Orc:2    | Found a staircase to the Elven Halls.
 28423 | Orc:2    | Noticed Maurice
 28433 | Orc:2    | Killed Maurice
 28446 | Orc:2    | Noticed an orc warlord
 28458 | Orc:2    | Offered knowledge of Fireball by Vehumet.
 28470 | Orc:2    | Killed an orc warlord
 28546 | Orc:2    | Reached ****** piety under Vehumet
 28565 | Orc:2    | Noticed Urug
 28580 | Orc:2    | Killed Urug
 28669 | Orc:2    | Reached skill level 10 in Shapeshifting
 28675 | Orc:2    | Found Dunonyrr's General Store.
 28718 | Orc:2    | Found Egafosy's Antique Weapon Boutique.
 28728 | Orc:2    | Found Benuhas's Jewellery Boutique.
 28770 | Orc:2    | Bought a potion of heal wounds for 55 gold pieces
 28770 | Orc:2    | Bought a scroll of identify for 22 gold pieces
 28779 | Orc:2    | Found Zaph's Antique Armour Boutique.
 29241 | Elf:1    | Entered Level 1 of the Elven Halls
 29250 | Elf:1    | Paralysed by an air elemental for 1 turns
 29252 | Elf:1    | Paralysed by an air elemental for 1 turns
 29530 | D:13     | Reached XP level 16. HP: 123/125 MP: 31/31
 29633 | D:13     | Found a runed translucent door.
 29633 | D:13     | Noticed Winlehek's ghost (journeyman HOFi)
 30434 | D:14     | HP: 1/125 [centaur warrior (9)]
 30929 | Orc:2    | Paralysed by an air elemental for 1 turns
 30987 | Elf:1    | Paralysed by an air elemental for 1 turns
 30993 | Orc:2    | Paralysed by an air elemental for 1 turns
 30996 | Orc:2    | Paralysed by an air elemental for 1 turns
 31108 | Elf:1    | Offered knowledge of Irradiate by Vehumet.
 31116 | Elf:1    | Paralysed by an air elemental for 1 turns
 32281 | Elf:1    | Paralysed by an air elemental for 1 turns
 32964 | Elf:2    | Paralysed by an air elemental for 1 turns
 33270 | Elf:2    | Found an ancient bone altar of Kikubaaqudgha.
 33276 | Elf:2    | Found Ykkasala's Armour Emporium.
 33562 | Elf:2    | Paralysed by an air elemental for 1 turns
 33584 | Elf:2    | Offered knowledge of Eringya's Noxious Bog by Vehumet.
 33693 | Elf:2    | Found a shimmering blue altar of Sif Muna.
 33726 | Elf:2    | Found a runed translucent gate.
 33726 | Elf:2    | Found a runed translucent gate.
 33726 | Elf:2    | Found a runed translucent gate.
 33745 | Elf:2    | Reached XP level 17. HP: 111/133 MP: 23/33
 33931 | Elf:2    | Identified the -1 pair of boots "Woer" {rF- rC+ rN+}
 34065 | Elf:2    | Noticed a deep elf blademaster
 34123 | Elf:2    | HP: 5/133 [+2 heavy lajatang (23)]
 34445 | Elf:2    | Learned a level 6 spell: Bombard
 34454 | Elf:2    | Reached skill level 10 in Conjurations
 34454 | Elf:2    | Reached skill level 10 in Hexes
 34454 | Elf:2    | Reached skill level 10 in Summonings
 34454 | Elf:2    | Reached skill level 10 in Necromancy
 34454 | Elf:2    | Reached skill level 10 in Translocations
 34454 | Elf:2    | Reached skill level 10 in Fire Magic
 34454 | Elf:2    | Reached skill level 10 in Ice Magic
 34454 | Elf:2    | Reached skill level 10 in Air Magic
 34454 | Elf:2    | Reached skill level 10 in Earth Magic
 35171 | Elf:1    | Killed a deep elf blademaster
 35954 | Elf:3    | Entered Level 3 of the Elven Halls
 37394 | Spider:1 | Entered Level 1 of the Spider Nest
 38272 | Spider:1 | Got Ladig's Teachings on Septic Vapour
 38410 | Spider:2 | Offered knowledge of Fire Storm by Vehumet.
 38410 | Spider:2 | Offered knowledge of Chain Lightning by Vehumet.
 38410 | Spider:2 | Offered knowledge of Polar Vortex by Vehumet.
 38413 | Spider:2 | Noticed Azrael
 38453 | Spider:2 | Killed Azrael
 38864 | Spider:2 | Reached XP level 18. HP: 137/142 MP: 29/34
 39560 | Spider:3 | Noticed Mara
 39991 | Spider:2 | Learned a level 4 spell: Iskenderun's Mystic Blast
 39997 | Spider:3 | Noticed zazu2006's illusion
 40013 | Spider:2 | Killed Mara
 40239 | Spider:3 | Noticed Nikola
 40336 | Spider:3 | Killed Nikola
 40545 | Spider:3 | Noticed Arachne
 40826 | Spider:2 | Killed Arachne
 41502 | Spider:4 | Entered Level 4 of the Spider Nest
 41505 | Spider:4 | Identified the serpent talisman of the Arcadian God {Fly
                  | rElec Str+3 Slay+3}
 41505 | Spider:4 | Noticed Aizul
 41571 | Spider:4 | Killed Aizul
 43628 | Spider:4 | Reached XP level 19. HP: 134/150 MP: 34/36
 43752 | Spider:4 | Got a gossamer rune of Zot
 44185 | Shoals:1 | Entered Level 1 of the Shoals
 44198 | Shoals:1 | Noticed Donald
 44216 | Shoals:1 | Killed Donald
 44488 | Shoals:1 | Identified the +4 short sword of Discord {venom, rC+ rN+}
 46117 | Shoals:2 | Noticed Polyphemus
 46152 | Shoals:2 | Killed Polyphemus
 46646 | Shoals:2 | Noticed Frances
 46675 | Shoals:2 | Killed Frances
 46756 | Shoals:2 | Found Ragnar's Dragon-Slaying Spoils.
 46763 | Shoals:2 | Bought the +15 gold dragon scales "Daal" {rPois rF+ rC+
                  | MP+9 Int+3} for 1826 gold pieces
 48308 | Elf:3    | Found a portal to a secret trove of treasure.
 49231 | Elf:3    | Reached skill level 15 in Invocations
 49637 | Elf:3    | Reached XP level 20. HP: 130/153 MP: 18/38
 49959 | Elf:3    | Identified the +5 quarterstaff of Fuzzy Optimality {flame,
                  | Int+5 Stlth+}
 49959 | Elf:3    | Identified the ring "Sielu" {rN+ Int+2}
 50097 | Elf:3    | Identified the staff of Honesty {*Slow Fly rElec Int+4 Air}
 50787 | Elf:3    | You paid a toll of +3 gold dragon scales to enter a
                  | treasure trove
 50788 | Trove    | Entered a treasure trove
 50793 | Trove    | Found the +11 plutonium sword {^Contam Stlth-}
 50808 | Trove    | Identified the amulet of Ockebb {Faith Str+5}
 50815 | Trove    | Identified the ring "Tuesaddi" {rPois Str+2 Int+6}
 50817 | Trove    | Identified the ring of Timy {rC- rCorr Int+6 Dex+5}
 50827 | Trove    | Identified the ring "Dooratin" {rCorr Dex+2 Slay+2 Stlth-}
 51881 | Shoals:3 | Noticed Ilsuiw
 52114 | Shoals:3 | Found the +7 sceptre of Torment {pain, torment}
 53175 | D:14     | Got Sif Muna's Exposition on Polluted Bombardment
 53687 | D:14     | Found a gate to the Vaults.
 53814 | D:14     | Found a hazy altar of Hepliaklqana.
 53929 | D:15     | Entered Level 15 of the Dungeon
 54615 | D:15     | Found a staircase to the Depths.
 55335 | Vaults:1 | Entered Level 1 of the Vaults
 55974 | Vaults:1 | Reached skill level 15 in Armour
 56436 | Vaults:1 | Reached skill level 15 in Axes
 56793 | Vaults:1 | Reached XP level 21. HP: 115/167 MP: 39/39
 56988 | Vaults:1 | Noticed Saint Roka
 57004 | Vaults:1 | Reached skill level 15 in Alchemy
 57066 | Vaults:1 | Killed Saint Roka
 57067 | Vaults:1 | Reached skill level 15 in Spellcasting
 57525 | Vaults:1 | Found Hupuarch's Jewellery Shop.
 58075 | Vaults:2 | Reached skill level 15 in Fighting
 58075 | Vaults:2 | Reached skill level 15 in Polearms
 58609 | Vaults:2 | Paralysed by a formless jellyfish for 1 turns
 59106 | Vaults:2 | Reached skill level 15 in Short Blades
 59106 | Vaults:2 | Reached skill level 15 in Long Blades
 59106 | Vaults:2 | Reached skill level 15 in Maces & Flails
 59106 | Vaults:2 | Reached skill level 15 in Staves
 59106 | Vaults:2 | Reached skill level 15 in Ranged Weapons
 59106 | Vaults:2 | Reached skill level 15 in Throwing
 59106 | Vaults:2 | Reached skill level 15 in Dodging
 59106 | Vaults:2 | Reached skill level 15 in Stealth
 59106 | Vaults:2 | Reached skill level 15 in Shields
 59106 | Vaults:2 | Reached skill level 15 in Unarmed Combat
 59106 | Vaults:2 | Reached skill level 15 in Evocations
 59186 | Vaults:2 | Found a staircase to the Crypt.
 61867 | Vaults:3 | Noticed Sojobo
 61882 | Vaults:3 | Killed Sojobo
 61883 | Vaults:3 | Reached XP level 22. HP: 53/176 MP: 7/41
 62552 | Vaults:4 | Found a crumbling gateway.
 62564 | Vaults:4 | Learned a level 5 spell: Lee's Rapid Deconstruction
 62565 | Desolati | Entered the Desolation of Salt
 62782 | Desolati | Got Lom Lobon's Compilation of Dislocation
 62784 | Desolati | Identified the +1 chain mail "Zoenig" {rCorr MP+9}
 62829 | Desolati | Killed from afar by a servant of whispers

Illustrated notes

Levels and vault maps discovered:
D:1:      minmay_arrival_doors, layout_basic
D:2:      layout_basic, chequers_ecumenical_altar_simple, basic_altar,
          uniq_terence, uniq_natasha
D:3:      layout_basic, mainiacjoe_overflow_alcove_3, uniq_grinder,
          uniq_crazy_yiuf_cottage
D:4:      layout_basic, chequers_ossuary_entry_cave, uniq_duvessa,
          uniq_eustachio
D:5:      layout_loops_ring, old_standard_altar, minmay_temple_entry_mist,
          serial_shops, shop, minmay_puff, uniq_pikel
D:6:      layout_basic, lemuel_coloured_pillars_altar, kennysheep_nondescript,
          corexii_item_surrounded_by_moat, uniq_edmund
D:7:      layout_cave_pools, nicolae_overflow_crystal_walls
D:8:      layout_basic, mainiacjoe_overflow_six_doors_small,
          lemuel_zombie_altar_kikubaaqudgha, enter_bailey_2,
          supply_closet_lemuel, uniq_jeremiah, uniq_psyche
D:9:      layout_roguey, mainiacjoe_overflow_small_starburst,
          general_overflow_altar, chequers_garden
D:10:     layout_basic, trog_butcher_becter,
          mainiacjoe_overflow_surrounded_room, overflow_temple_1_default
D:11:     layout_gridville, david_lair_generic, gammafunk_ghost_nasty_kobolds
D:12:     layout_rooms, erik_orc_1, xom_teletrap_fun
D:13:     layout_loops_cross, ebering_ghost_inner_flame
D:14:     layout_roguey, hellmonk_vaults_attempted_burglary,
          nicolae_hepliaklqana_hippocampus
D:15:     hangedman_depths_entry_try_elsewhere_first, layout_layer_cave,
          hangedman_decor_peaks_small
Lair:1:   layout_regular_city, uniq_nergalle
Lair:2:   layout_roguey, hellmonk_spider_entry_not_the_bees,
          portal_ice_cave_entry_ice_simulacra, st_stairs_5, grunt_megastairs_2
Lair:3:   layout_cave_pods, minmay_shoals_entry_beasts, gauntlet_entry_generic,
          lemuel_fruit_tree, infiniplex_staircase_pool_2, uniq_kirke
Lair:4:   nzn_motion_control, layout_long_grid, slime_entry_2,
          lemuel_fruit_fields
Lair:5:   hellmonk_lair_end_abyssal_woods, layout_gridlike, uniq_josephine
Shoals:1: layout_shoals, uniq_donald
Shoals:2: layout_shoals, nicolae_shop_dragon_depot, uniq_frances,
          uniq_polyphemus
Shoals:3: layout_shoals, uniq_ilsuiw
Spider:1: layout_spider_delve
Spider:2: layout_cave_pods, einodemon_crawler_minivault, uniq_azrael
Spider:3: layout_spider_delve, drop_trap, uniq_arachne, uniq_nikola, uniq_mara
Spider:4: spider_rune_water, hellmonk_test_site, uniq_aizul
Orc:1:    layout_diamond_mine, uniq_gastronok
Orc:2:    grunt_orc_cross, layout_diamond_mine, nicolae_orc_lava_tube,
          uniq_maurice
Elf:1:    nicolae_elf_arrival_aired_out, layout_gridlike,
          hangedman_elven_crosses_minicolossus, grunt_megastairs_4
Elf:2:    elven_hall_of_blades_hangedman_original
          [nicolae_blade_entry_hurt_lockers], layout_geoelf_octagon,
          serial_shops, shop, hangedman_feature_mirror
Elf:3:    minmay_elf_hall_not_hex, layout_loops_cross,
          nicolae_trove_entry_diagonal
Vaults:1: nicolae_vaults_little_squares_1, nicolae_vaults_trapezoid_lopsided_3,
          hangedman_vaults_stream, vaults_room_octagon,
          nicolae_vaults_octothorpe, vaults_room_ringed_pool,
          hangedman_vaults_maws, nicolae_vaults_sightless_eye,
          nicolae_vaults_hexular_roomagon, layout_vaults_omnibox, serial_shops,
          nicolae_shop_window_shopping, uniq_saint_roka
Vaults:2: nicolae_vaults_thirteen_compartments,
          vaults_standard_mumra_enter_the_diamond, nicolae_vaults_house_2,
          minmay_crypt_entry_simple_plaza, v_alt_pattern_5,
          ontoclasm_vaults_chip, nicolae_vaults_big_angled_halls, v_misc_11,
          nicolae_vaults_tetromino_L_1, grunt_vaults_funnel,
          hangedman_vaults_impose, v_rooms_5, v_misc_14,
          nicolae_vaults_double_plus_1, nicolae_vaults_theta, v_alt_pattern_1,
          layout_vaults_maze_bifur
Vaults:3: vaults_room_fancy_cross, nicolae_vaults_storage_closets_1,
          v_alt_pattern_6, v_misc_17, v_misc_1, nicolae_vaults_asterisk,
          ontoclasm_vaults_gateway, vaults_room_fours, vaults_room_semicircle,
          ontoclasm_vaults_ring_square, nicolae_vaults_variable_pillar_hall,
          layout_vaults_omnigrid, uniq_sojobo
Vaults:4: portal_desolation_entry_ruin, nicolae_vaults_security_offices_5,
          nicolae_vaults_steering_wheel, v_misc_9, v_pattern_5,
          nicolae_vaults_spaceships, nicolae_vaults_tetromino_L_2,
          nicolae_vaults_network_square, nicolae_vaults_little_squares_3,
          nicolae_vaults_closet_pinwheel_4, nicolae_vaults_rhombus_5,
          nicolae_vaults_tetromino_T_1, layout_vaults_ring, uniq_norris
Desolation

Skill      XL: |  1  2  3  4  5  6  7  8  9 10 11 12 13 14 15 16 17 18 19 20 21 |
---------------+----------------------------------------------------------------+-----
Short Blades   | 1 2 3 5 6 7 8 9 10 11 12 13 14 15 | 15.3
Long Blades    | 1 2 3 5 6 7 8 9 10 11 12 13 14 15 | 15.3
Axes           | 1 2 3 5 6 7 8 9 10 11 12 13 15 16 | 16.5
Maces & Flails | 1 2 3 5 6 7 8 9 10 11 12 13 14 15 | 15.3
Staves         | 1 2 3 5 6 7 8 9 10 11 12 13 14 15 | 15.3
Ranged Weapons | 1 2 3 5 6 7 8 9 10 11 12 13 14 15 | 15.3
Throwing       | 1 2 3 5 6 7 8 9 10 11 12 13 14 15 | 15.3
Dodging        | 1 2 3 5 6 7 8 9 10 11 12 13 14 15 | 15.3
Stealth        | 1 2 3 5 6 7 8 9 10 11 12 13 14 15 | 15.3
Shields        | 1 2 3 5 6 7 8 9 10 11 12 13 14 15 | 15.3
Unarmed Combat | 1 2 3 5 6 7 8 9 10 11 12 13 14 15 | 15.3
Invocations    | 1 2 3 4 5 6 7 8 9 10 11 12 13 14 15 16 | 16.6
Evocations     | 1 2 3 5 6 7 8 9 10 11 12 13 14 15 | 15.3
Shapeshifting  | 1 2 3 4 5 6 7 8 9 10 11 12 13 14 | 14.1
Spellcasting   | 3 4 5 6 7 8 9 10 11 12 13 14 15 | 15.6
Conjurations   | 1 2 3 4 5 6 7 8 9 10 11 12 13 | 13.0
Hexes          | 1 2 3 4 5 6 7 8 9 10 11 12 13 | 13.0
Summonings     | 1 2 3 4 5 6 7 8 9 10 11 12 13 | 13.0
Necromancy     | 1 2 3 4 5 6 7 8 9 10 11 12 13 | 13.0
Translocations | 1 2 3 4 5 6 7 8 9 10 11 12 13 | 13.0
Fire Magic     | 1 2 3 4 5 6 7 8 9 10 11 12 13 | 13.0
Ice Magic      | 1 2 3 4 5 6 7 8 9 10 11 12 13 | 13.0
Air Magic      | 1 2 3 4 5 6 7 8 9 10 11 12 13 | 13.0
Earth Magic    | 1 2 3 4 5 6 7 8 9 10 11 12 13 | 13.0
Fighting       | 3 4 5 6 7 8 9 10 11 12 13 14 15 | 15.5
Polearms       | 3 4 5 6 7 8 9 10 11 12 13 14 15 | 15.5
Armour         | 5 6 7 8 9 10 11 12 13 14 15 | 15.9
Alchemy        | 9 10 11 12 13 14 15 | 15.4

Action                     |  1- 3 |  4- 6 |  7- 9 | 10-12 | 13-15 | 16-18 | 19-21 | 22-24 || total
---------------------------+-------+-------+-------+-------+-------+-------+-------+-------++-------
  Melee: Spear             |    30 |    20 |       |       |       |       |       |       ||    50
         Bite              |     2 |     8 |    39 |    64 |    98 |   169 |   317 |    19 ||   716
         Hand axe          |       |    26 |   278 |   431 |   153 |       |       |       ||   888
         Punch             |       |       |    10 |     6 |       |       |       |       ||    16
         Falchion          |       |       |       |       |   468 |   804 |   440 |       ||  1712
         Katana            |       |       |       |       |       |       |  1302 |   102 ||  1404
   Cast: Sting             |    50 |    52 |    50 |    24 |     1 |     2 |       |       ||   179
         Mephitic Cloud    |       |       |     5 |    21 |    59 |   100 |   175 |     3 ||   363
         Stone Arrow       |       |       |       |    63 |   236 |   491 |   182 |     6 ||   978
         Olgreb's Toxic Ra |       |       |       |    65 |   125 |    49 |    49 |     3 ||   291
         Airstrike         |       |       |       |     2 |       |     2 |     1 |       ||     5
         Sticky Flame      |       |       |       |    29 |    29 |    25 |    33 |     4 ||   120
         Bombard           |       |       |       |       |       |    29 |    53 |       ||    82
         Iskenderun's Myst |       |       |       |       |       |     2 |     5 |       ||     7
         Lee's Rapid Decon |       |       |       |       |       |       |       |     3 ||     3
  Evoke: Wand              |       |       |       |     5 |       |     2 |     5 |       ||    12
    Use: Potion            |       |     2 |     1 |     4 |     3 |     6 |     2 |     1 ||    19
         Scroll            |       |     1 |     5 |     9 |    10 |    13 |     5 |     1 ||    44
   Stab: Confused          |       |       |     4 |    11 |    34 |    55 |   181 |     3 ||   288
         Sleeping          |       |       |     1 |     4 |     4 |     7 |    26 |     3 ||    45
         Distracted        |       |       |       |     1 |       |       |     7 |       ||     8
         Held in net/web   |       |       |       |       |       |     2 |       |       ||     2
         Paralysed         |       |       |       |       |       |     1 |       |       ||     1
         Petrified         |       |       |       |       |       |       |     2 |       ||     2
 Armour: Scale mail        |    25 |    75 |   199 |    12 |       |       |       |       ||   311
         Leather armour    |       |       |       |   269 |   391 |   660 |   624 |    50 ||  1994
  Dodge: Dodged            |    16 |    39 |   143 |   315 |   438 |   731 |   692 |    49 ||  2423
  Block: Buckler           |       |       |       |    57 |   250 |   393 |    12 |       ||   712
         Kite shield       |       |       |       |       |       |       |   793 |    63 ||   856

Table legend: (Time is in decaauts)
 A = Elapsed time spent in this place.
 B = Non-inter-level travel time spent in this place.
 C = Inter-level travel time spent in this place.
 D = Time resting spent in this place.
 E = Time spent auto-exploring this place.
 F = Levels seen in this place.
 G = Mean time per level.
                   A        B        C        D        E       F      G
               +--------+--------+--------+--------+--------+-----+--------+
         Total |  62374 |  57085 |   5289 |   7804 |  37193 |  42 | 1485.1 |
       Dungeon |  19052 |  17045 |   2007 |   1407 |  12831 |  15 | 1270.1 |
          Lair |   9521 |   8446 |   1075 |    688 |   6099 |   5 | 1904.2 |
        Shoals |   4741 |   4594 |    147 |    932 |   2815 |   3 | 1580.3 |
   Spider Nest |   6344 |   6009 |    335 |    861 |   3651 |   4 | 1586.0 |
  Orcish Mines |   2391 |   1917 |    474 |    129 |   1307 |   2 | 1195.5 |
   Elven Halls |   8656 |   7588 |   1068 |   1805 |   4172 |   3 | 2885.3 |
        Vaults |   6562 |   6382 |    180 |    525 |   4520 |   4 | 1640.5 |
         Trove |     61 |     61 |      0 |      0 |      0 |   1 |   61.0 |
       Ossuary |    828 |    828 |      0 |      0 |    613 |   1 |  828.0 |
        Bailey |   1080 |   1080 |      0 |    249 |    490 |   1 | 1080.0 |
      Ice Cave |   2032 |   2032 |      0 |    946 |    569 |   1 | 2032.0 |
    Desolation |    247 |    247 |      0 |     14 |      2 |   1 |  247.0 |
      Gauntlet |    852 |    852 |      0 |    248 |    122 |   1 |  852.0 |
               +--------+--------+--------+--------+--------+-----+--------+

Top non-repeatable levels by time:
   Elf:2: 3157 daAuts
   Elf:1: 3001 daAuts
   Elf:3: 2497 daAuts
Spider:4: 2429 daAuts
Vaults:2: 2393 daAuts
  Lair:1: 2244 daAuts
Vaults:1: 2102 daAuts
Shoals:2: 2033 daAuts
   IceCv: 2032 daAuts
Vaults:3: 1991 daAuts
  Lair:5: 1986 daAuts
    D:11: 1950 daAuts
  Lair:2: 1933 daAuts
     D:2: 1843 daAuts
Spider:2: 1735 daAuts
